AoeStats
← Gorp

Arena

504354576Analyzed
1v1 RM · 29d ago on Sep 5, 2026· 46m 52s· 2 players
Game mode
Random Map
Map size
Tiny (2 player)
Population
200
Speed
Normal
Resources
Standard
Victory
Conquest
Starting age
Dark Age
Ending age
Imperial Age
RankedLock teamsTeams togetherTeam positionsShared explorationLock speedFull tech treeHidden civsTurbo modeCheats
Victory
Defeat
🇨🇦 Vietnamese · Canada
557
+10
🇺🇸 Aztecs · United States
421
-10
Taco N M3
8:57 Loom
10:49 Feudal Age
11:43 Double-Bit Axe
11:40 Horse Collar
19:10 Castle Age
20:50 Scale Mail Armor
21:01 Forging
20:21 Eagle Warrior
21:28 Squires
21:15 Arson
26:28 Chain Mail Armor
26:49 Iron Casting
35:03 Bow Saw
37:53 Imperial Age
38:03 Heavy Plow
39:08 Garland Wars
38:16 Elite Jaguar Warrior
39:16 Elite Eagle Warrior
45:57 Plate Mail Armor
46:28 Blast Furnace
Gorp
7:06 Loom
10:12 Feudal Age
10:41 Double-Bit Axe
10:40 Horse Collar
18:15 Castle Age
19:35 Light Cavalry
20:35 Crossbowman
22:56 Wheelbarrow
22:59 Fletching
24:29 Husbandry
25:08 Hand Cart
24:43 Town Watch
25:24 Bodkin Arrow
26:29 Bloodlines
26:41 Heavy Plow
26:54 Bow Saw
26:40 Man-at-Arms
28:20 Scale Mail Armor
30:01 Padded Archer Armor
31:57 Scale Barding Armor
32:04 Forging
32:42 Town Patrol
35:21 Imperial Age
33:13 Thumb Ring
35:39 Squires
36:00 Gold Mining
37:12 Paper Money
36:44 Arbalester
39:23 Chatras
38:54 Elite Battle Elephant
40:22 Iron Casting
40:21 Bracer
41:44 Two-Man Saw
41:16 Crop Rotation
43:49 Hoardings
45:07 Chemistry
44:28 Ballistics
44:38 Ballistics
45:18 Chemistry
45:47 Siege Engineers
45:59 Leather Archer Armor
46:05 Chain Barding Armor
Connection lost

Rejoining the realm…

Still unreachable

The connection could not be restored.

Session expired

The server has moved on; the page needs a fresh start.